 Dungeon Crawl Stone Soup version 0.27.1-33-g824d729ab1 (webtiles) character file.

Game seed: 14092894786456243871

6780 belegose the Skirmisher (level 11, -5/78 HPs)
             Began as a Djinni Warper on Dec 8, 2021.
             Slain by a two-headed ogre (20 damage)
             ... on level 10 of the Dungeon.
             The game lasted 00:37:55 (14258 turns).

belegose the Skirmisher (Djinni Warper)            Turns: 14258, Time: 00:37:56

Health: -5/78      AC: 10    Str: 12    XL:     11   Next: 25%
Gold:   55         EV: 13    Int: 17    God:
                   SH:  0    Dex: 12

rFire    + . .     SeeInvis .   a - +1 falchion (elec)
rCold    + . .     Faith    .   (no shield)
rNeg     . . .     Spirit   .   y - +1 leather armour {rC+}
rPois    ∞         Reflect  .   B - +2 helmet
rElec    .         Harm     .   x - +2 cloak
rCorr    .         Rampage  .   (no gloves)
Will     +....                  (boots unavailable)
Stlth    +.........             (no amulet)
HPRegen  0.23/turn              s - ring of ice
MPRegen  0.00/turn              (no ring)

@: flying, studying Staves
A: sickness immunity, fire resistance 2, cold vulnerability 1, float, innate
caster, hp casting, extra vitality 1
a: no special abilities


You were on level 10 of the Dungeon.
You visited 2 branches of the dungeon, and saw 11 of its levels.

You collected 437 gold pieces.
You spent 382 gold pieces at shops.

Inventory:

Hand Weapons
 a - a +1 falchion of electrocution (weapon)
 b - a +1 short sword of venom
 H - the +3 rapier of the Nexus {vorpal, rElec Dex+2}
   (You bought it in a shop on level 4 of the Dungeon)

   It inflicts extra damage upon your enemies.
   Dex:       It affects your dexterity (+2).
   rElec:     It insulates you from electricity.
Missiles
 d - 4 boomerangs of dispersal
 q - 11 boomerangs (quivered)
 r - 260 stones
 w - 31 poisoned darts
Armour
 x - a +2 cloak (worn)
 y - a +1 leather armour of cold resistance (worn)
 A - a scarf of repulsion
 B - a +2 helmet (worn)
 F - the +5 chain mail "Waynenas" {rCorr}
   (You found it on level 10 of the Dungeon)

   rCorr:     It protects you from acid and corrosion.
Jewellery
 s - a ring of ice (left hand)
Wands
 p - a wand of acid (2)
 G - a wand of flame (3)
 I - a wand of iceblast (8)
Scrolls
 c - 3 scrolls of blinking
 e - a scroll of torment {unknown}
 g - a scroll of enchant armour {unknown}
 k - 2 scrolls of immolation {unknown}
 m - 2 scrolls of fear {unknown}
 n - a scroll of acquirement {unknown}
 u - a scroll of vulnerability {unknown}
 v - 3 scrolls of noise {unknown}
 z - a scroll of enchant weapon {unknown}
 E - 3 scrolls of amnesia {unknown}
Potions
 f - a potion of haste
 h - 4 potions of curing
 i - a potion of brilliance
 j - 5 potions of heal wounds
 l - a potion of invisibility
 o - 3 potions of lignification
 t - a potion of resistance
 C - 3 potions of might {unknown}
 D - a potion of degeneration {unknown}


   Skills:
 - Level 6.6 Fighting
 - Level 6.2 Long Blades
 - Level 0.1 Staves
 + Level 6.5 Throwing
 - Level 4.0 Armour
 + Level 6.4 Dodging
 + Level 6.5 Spellcasting
 + Level 4.3 Evocations


You couldn't memorise any spells.
You knew the following spells:

 Your Spells              Type           Power      Damage    Failure   Level
a - Blink                 Tloc           N/A        N/A       1%          2
b - Lesser Beckoning      Tloc           13%        N/A       3%          3
c - Gell's Gravitas       Tloc           13%        N/A       3%          3
d - Teleport Other        Tloc           27%        N/A       3%          3
e - Manifold Assault      Tloc           27%        N/A       28%         5
f - Apportation           Tloc           54%        N/A       1%          1
g - Passwall              Tmut/Erth      22%        N/A       1%          2
h - Wereblood             Tmut           27%        N/A       1%          2
i - Confusing Touch       Hex            27%        N/A       3%          3
j - Passage of Golubria   Tloc           N/A        N/A       11%         4
Your spell library was empty.

Dungeon Overview and Level Annotations

Branches:
Dungeon (10/15)            Temple (1/1) D:5            Lair (0/6) D:10
    Orc: D:9-12

Altars:
Ashenzari
Cheibriados
Dithmenos
Elyvilon
Fedhas
Gozag
Hepliaklqana
Kikubaaqudgha
Makhleb
Nemelex Xobeh
Okawaru
Qazlal
Ru
Sif Muna
Trog
Uskayaw
Vehumet
Wu Jian
Xom
Yredelemnul
Zin
The Shining One

Shops:
D:2 ?[[   D:4 (   D:10 *


Innate Abilities, Weirdness & Mutations

You are immune to sickness and miasma.
You are immune to poison.
Your flesh is very heat resistant. (rF++)
You are vulnerable to cold. (rC-)
You float through the air rather than walking.
You learn spells naturally, not from books.
Your magical power is your life essence.
You have superior vitality. (+4 HP)


Message History

You kill the wolf!
Casting: Passwall (safe; 1% risk of failure)
Confirm with . or Enter, or press ? or * to list all spells.
Aiming: Teleport Other (dangerous; 3% risk of failure)
Press: ? - help, Shift-Dir - straight line, f - two-headed ogre
Aim: a two-headed ogre, wielding a +0 giant club and a +0 giant spiked club (chance to affect: 50%)
The two-headed ogre resists with some effort.
Casting: Teleport Other (dangerous; 3% risk of failure)
Confirm with . or Enter, or press ? or * to list all spells.
Aiming: Teleport Other (dangerous; 3% risk of failure)
Press: ? - help, Shift-Dir - straight line, f/p - two-headed ogre
Aim: a two-headed ogre, wielding a +0 giant club and a +0 giant spiked club (chance to affect: 50%)
The two-headed ogre resists with some effort.
* * * LOW HITPOINT WARNING * * *
Unknown command.
Casting: Teleport Other (dangerous; 3% risk of failure)
Confirm with . or Enter, or press ? or * to list all spells.
Aiming: Teleport Other (dangerous; 3% risk of failure)
Press: ? - help, Shift-Dir - straight line, f/p - two-headed ogre
Aim: a two-headed ogre, wielding a +0 giant club and a +0 giant spiked club (chance to affect: 50%)
The two-headed ogre resists with some effort.
* * * LOW HITPOINT WARNING * * *
Unknown command.
Casting: Teleport Other (dangerous; 3% risk of failure)
Confirm with . or Enter, or press ? or * to list all spells.
Aiming: Teleport Other (dangerous; 3% risk of failure)
Press: ? - help, Shift-Dir - straight line, f/p - two-headed ogre
Aim: a two-headed ogre, wielding a +0 giant club and a +0 giant spiked club (chance to affect: 50%)
The two-headed ogre resists with some effort.
* * * LOW HITPOINT WARNING * * *
Unknown command.
Casting: Teleport Other (dangerous; 3% risk of failure)
Confirm with . or Enter, or press ? or * to list all spells.
Aiming: Teleport Other (dangerous; 3% risk of failure)
Press: ? - help, Shift-Dir - straight line, f/p - two-headed ogre
Aim: a two-headed ogre, wielding a +0 giant club and a +0 giant spiked club (chance to affect: 50%)
The two-headed ogre resists with some effort.
* * * LOW HITPOINT WARNING * * *
The two-headed ogre hits you with a +0 giant club!!
You die...

......≈≈≈≈...≈..≈≈≈.....#..##....
...≈≈≈≈≈≈≈≈≈..≈≈≈≈≈≈...##.....##.
....≈≈≈≈≈≈≈≈≈≈≈≈≈≈≈....##.#..##..
......≈≈..≈≈≈≈≈≈).≈.......#...#..
............≈≈.≈)..≈≈............
#...........................≈≈≈≈≈
########........†.........#.≈####
##...................≈#..#
####.......@O.......##.≈#.)'
#..................##..≈#..'
#######.......#........≈#..'
####....○....>.#.≈#>.#
#..#.°.#..#.#.≈####
#....°........≈≈≈≈≈
###..#......#......
##.............g.
#>..............


You could see a two-headed ogre.

Vanquished Creatures
  A two-headed ogre (D:8)
  Pikel (D:6)
  Joseph (D:7)
  A shadow (D:9)
  3 wraiths
  A wyvern (D:9)
  An acid dragon (D:9)
  A water moccasin (D:5)
  Duvessa (D:4)
  A black bear (D:7)
  2 ice beasts
  3 orc warriors
  A sky beast (D:6)
  3 ogres
  2 wolves (D:10)
  3 centaurs
  A lemure (D:6)
  2 kobold brigands
  A scorpion (D:5)
  A water moccasin zombie (D:5)
  A wyvern zombie (D:9)
  Dowan (D:4)
  4 bullfrogs
  3 water moccasin skeletons
  12 killer bees
  7 wights
  3 electric eels (D:10)
  6 howler monkeys
  2 bullfrog zombies
  4 centaur zombies
  4 hounds
  A gnoll shaman (D:7)
  3 jellies
  2 bullfrog skeletons
  4 orc priests
  Crazy Yiuf (D:3)
  2 iguanas
  7 orc wizards
  A killer bee zombie (D:5)
  A hound skeleton (D:4)
  A howler monkey zombie (D:9)
  4 gnolls (D:7)
  5 adders
  2 white imps
  2 worms
  A dart slug (D:3)
  38 orcs
  5 ball pythons
  7 endoplasms
  5 giant cockroaches
  6 hobgoblins
  10 jackals
  6 quokkas
  6 bats
  3 frilled lizards
  6 goblins
  10 kobolds
  6 rats
223 creatures vanquished.

Vanquished Creatures (others)
  5 plants
5 creatures vanquished.

Grand Total: 228 creatures vanquished

Notes
Turn   | Place    | Note
-------+----------+-------------------------------------------
     0 | D:1      | belegose the Djinni Warper began the quest for the Orb.
     0 | D:1      | Reached XP level 1. HP: 18/18 MP: 0/0
   144 | D:1      | Reached XP level 2. HP: 20/23 MP: 0/0
   226 | D:1      | Reached skill level 1 in Throwing
   965 | D:1      | Reached XP level 3. HP: 28/28 MP: 0/0
   965 | D:1      | Learned a level 1 spell: Apportation
  1006 | D:1      | Found a faded altar of an unknown god.
  1377 | D:2      | Found Wivih's Antique Armour Shop.
  1671 | D:2      | Found Daceseib's Magic Scroll Shop.
  1728 | D:2      | Reached XP level 4. HP: 30/34 MP: 0/0
  1862 | D:2      | Found Nesi Nyn's Antique Armour Emporium.
  2493 | D:3      | Found a hazy altar of Hepliaklqana.
  2670 | D:3      | Reached XP level 5. HP: 12/39 MP: 0/0
  2670 | D:3      | Learned a level 2 spell: Passwall
  3079 | D:3      | Found a runed translucent door.
  3080 | D:3      | Noticed Crazy Yiuf
  3944 | D:3      | Killed Crazy Yiuf
  4074 | D:4      | Found Kuakk's Antique Weapon Shoppe.
  4196 | D:4      | Reached XP level 6. HP: 27/46 MP: 0/0
  4336 | D:4      | Noticed Duvessa
  4336 | D:4      | Noticed Dowan
  4353 | D:4      | Killed Duvessa
  4355 | D:4      | Killed Dowan
  4631 | D:4      | Reached XP level 7. HP: 50/50 MP: 0/0
  4631 | D:4      | Learned a level 2 spell: Wereblood
  5325 | D:5      | Entered Level 5 of the Dungeon
  5325 | D:5      | Found a snail-covered altar of Cheibriados.
  5325 | D:5      | Found a shadowy altar of Dithmenos.
  5818 | D:2      | Bought a runed helmet for 157 gold pieces
  6016 | D:5      | Found a staircase to the Ecumenical Temple.
  6027 | Temple   | Entered the Ecumenical Temple
  6279 | D:5      | Identified the +1 scale mail of Ru's Benevolence {Rampage
                  | Regen+ Dex+3 Stlth-}
  6303 | D:5      | Noticed a water moccasin
  6325 | D:5      | Killed a water moccasin
  6660 | D:5      | Reached XP level 8. HP: 58/58 MP: 0/0
  6971 | D:6      | Noticed Pikel
  6989 | D:6      | Killed Pikel
  7023 | D:6      | Reached skill level 5 in Fighting
  7023 | D:6      | Reached XP level 9. HP: 55/65 MP: 0/0
  7023 | D:6      | Learned a level 3 spell: Confusing Touch
  7672 | D:6      | Reached skill level 5 in Long Blades
  7746 | D:7      | Noticed Joseph
  8101 | D:7      | Reached skill level 5 in Spellcasting
  8426 | D:7      | Reached XP level 10. HP: 70/72 MP: 0/0
  8484 | D:6      | Reached skill level 5 in Throwing
  8602 | D:7      | Killed Joseph
  8683 | D:7      | Reached skill level 1 in Evocations
  8821 | D:4      | Bought a polished rapier for 225 gold pieces
  8821 | D:4      | Identified the +3 rapier of the Nexus {vorpal, rElec Dex+2}
                  | (You bought it in a shop on level 4 of the Dungeon)
  9482 | D:8      | Noticed a two-headed ogre
 10121 | D:8      | Found an opulent altar of Gozag.
 10521 | D:8      | Killed a two-headed ogre
 10522 | D:8      | Reached skill level 5 in Dodging
 11600 | D:9      | Found a blossoming altar of Fedhas.
 12107 | D:9      | Reached XP level 11. HP: 73/78 MP: 0/0
 12107 | D:9      | Learned a level 4 spell: Passage of Golubria
 12145 | D:9      | Noticed a rakshasa
 12502 | D:9      | Found a burning altar of Makhleb.
 12503 | D:9      | Found a glowing golden altar of the Shining One.
 13494 | D:10     | Entered Level 10 of the Dungeon
 13499 | D:10     | Found Nabotog's Demolitions Depot.
 13818 | D:10     | Identified the +5 chain mail "Waynenas" {rCorr}
 13826 | D:10     | Found a flagged portal.
 13842 | D:10     | Noticed a two-headed ogre
 14134 | D:10     | Found a staircase to the Lair.
 14258 | D:10     | Slain by a two-headed ogre

Illustrated notes

Levels and vault maps discovered:
D:1:      saegor_arrival_simple_d, layout_rooms, serial_rivers,
          chequers_serial_rivers_room_b, chequers_serial_rivers_large_b,
          chequers_serial_rivers_micro_b, chequers_serial_rivers_room_b,
          chequers_serial_rivers_marsh, chequers_serial_rivers_marsh,
          basic_ecumenical_altar, st_stairs_14
D:2:      layout_rooms, serial_shops, nicolae_square_shop, shop, shop, hex_tiny
D:3:      layout_basic, mainiacjoe_overflow_brackets, minmay_misc_feat_plants,
          minivault_5, uniq_crazy_yiuf_cottage
D:4:      layout_loops_ring, nicolae_overflow_crystal_walls, serial_shops,
          shop_fountains, serial_bayou_lake_a, uniq_duvessa
D:5:      layout_basic, grunt_temple_overflow_open, minmay_temple_entry_arrows
D:6:      layout_gridville, corexii_shack, uniq_pikel
D:7:      layout_basic, grunt_ministairs_2, uniq_joseph
D:8:      layout_loops_ring, lemuel_round_altar
D:9:      layout_basic, chequers_temple_overflow_statue_of_worship,
          fedhas_altar_2, minivault_21, grunt_decor_resistance
D:10:     layout_rooms, erik_lair_island, enter_bailey_4, nicolae_blasting_shop
Temple:   nicolae_temple_god_jail

Skill      XL: |  1  2  3  4  5  6  7  8  9 10 11 |
---------------+----------------------------------+-----
Throwing       | 1 2 3 4 6 |  6.5
Long Blades    | 2 3 4 5 6 |  6.2
Dodging        | 3 4 5 6 |  6.4
Spellcasting   | 3 4 5 6 |  6.5
Fighting       | 3 4 5 6 |  6.6
Armour         | 3 4 |  4.0
Evocations     | 3 4 |  4.3
Staves         | |  0.1

Action                   |  1- 3 |  4- 6 |  7- 9 | 10-12 || total
-------------------------+-------+-------+-------+-------++-------
Melee: Falchion          |   103 |   135 |   183 |   256 ||   677
       Quarterstaff      |       |     2 |       |       ||     2
       Short sword       |       |       |    96 |   121 ||   217
       Rapier            |       |       |       |     3 ||     3
Throw: Stone             |     4 |     3 |       |       ||     7
       Boomerang         |     1 |       |    18 |    15 ||    34
       Dart              |       |       |       |     7 ||     7
 Cast: Passwall          |       |       |       |     2 ||     2
       Confusing Touch   |       |       |       |     1 ||     1
       Gell's Gravitas   |       |       |       |     1 ||     1
       Teleport Other    |       |       |       |     9 ||     9
       Blink             |       |       |       |     1 ||     1
Evoke: Wand              |       |     4 |     1 |     9 ||    14
  Use: Scroll            |       |       |    10 |       ||    10
 Stab: Sleeping          |     1 |       |       |       ||     1
       Paralysed         |       |       |       |    15 ||    15
Armor: Leather armour    |    35 |    26 |    17 |   113 ||   191
       Scale mail        |       |       |   121 |    43 ||   164
Dodge: Dodged            |    69 |    90 |   137 |   261 ||   557
       Rpst.: Falchion   |    28 |    25 |    19 |    44 ||   116
